 Dungeon Crawl Stone Soup version 0.17-a0-377-gdd46233 (webtiles) character file.

590 RobertPalmer the Insei (level 7, 0/55 HPs)
             Began as a Naga Summoner on Apr 1, 2015.
             Was an Initiate of Cheibriados.
             Slain by an iron imp (8 damage)
             ... summoned by Eustachio
             ... on level 4 of the Dungeon.
             The game lasted 00:13:40 (6328 turns).

RobertPalmer the Insei (Naga Summoner)              Turns: 6328, Time: 00:13:40

Health: 0/55       AC:  7    Str: 11      XL:     7   Next: 38%
Magic:  4/9        EV: 15    Int: 17      God:    Cheibriados [......]
Gold:   148        SH:  0    Dex: 18 (19) Spells: 2 memorised, 5 levels left

rFire  + . .     SeeInvis +       - Unarmed
rCold  . . .     Clarity  .     r - +0 animal skin
rNeg   . . .     SustAb   .     (no shield)
rPois  +         Gourm    .     f - +0 helmet
rElec  .         Spirit   .     d - +0 cloak
rCorr  .         Warding  .     v - +1 pair of gloves {archery}
rMut   +         Stasis   .     (no barding)
MR     .....                    g - amulet of resist mutation {rMut, !d}
Stlth  ++++......               (no ring)
                                (no ring)

@: agile, about to teleport, very slow, not resistant to hostile enchantments,
stealthy
A: see invisible, deformed body, fire resistance 1, poison resistance, slowness
2, spit poison 2, AC +2
a: Spit Poison, Bend Time, Renounce Religion


You were on level 4 of the Dungeon.
You worshipped Cheibriados.
Cheibriados was noncommittal.
You were not hungry.

You visited 1 branch of the dungeon, and saw 4 of its levels.

You collected 148 gold pieces.

Inventory:

Missiles
 h - 10 poisoned needles
Armour
 d - a +0 cloak (worn)
   (You found it on level 1 of the Dungeon)
 f - a +0 helmet (worn)
   (You took it off Robin on level 2 of the Dungeon)
 r - a +0 animal skin (worn)
   (You took it off Robin on level 2 of the Dungeon)
 v - a +1 pair of gloves of archery (worn)
   (You found it on level 3 of the Dungeon)
Jewellery
 e - a cursed ring of teleportation {+/*tele, !d}
   (You found it on level 1 of the Dungeon)
 g - an amulet of resist mutation (around neck) {rMut, !d}
   (You found it on level 4 of the Dungeon)
Magical devices
 j - a wand of slowing (8)
   (You took it off an orc on level 4 of the Dungeon)
Scrolls
 a - a scroll of identify
 k - a scroll of random uselessness {unknown}
 m - a scroll of teleportation
 s - a scroll of enchant weapon {unknown}
Books
 b - a book of Callings
Comestibles
 c - 2 bread rations {@e1}
 i - 4 chunks of flesh {@w0}
 t - 3 fruits


   Skills:
 - Level 1.5 Dodging
 - Level 3.4 Stealth
 + Level 7.5 Unarmed Combat
 - Level 2.0 Spellcasting
 - Level 4.0 Summonings


You had 5 spell levels left.
You knew the following spells:

 Your Spells              Type           Power        Failure   Level  Hunger
a - Call Canine Familiar  Summ           ###.....     12%         3    ###....
c - Call Imp              Summ           ###.....     6%          2    ###....


Dungeon Overview and Level Annotations

Branches:
Dungeon (4/15)
 Temple: D:4-7

Altars:
Cheibriados
Elyvilon
Nemelex Xobeh
Qazlal
Ru
Zin

Annotations:
D:3 exclusion: Grinder, Grinder
D:4 Duvessa, Eustachio


Innate Abilities, Weirdness & Mutations

You cannot wear boots.
Your serpentine skin is tough (AC +2).
You have supernaturally acute eyesight.
Armour fits poorly on your strangely shaped body.
Your system is resistant to poisons.
You cover ground very slowly.
You can spit poison.
Your flesh is heat resistant.


Message History

The ufetubus hits you but does no damage. x2
The ufetubus barely misses you.
The ufetubus hits you but does no damage. x2
The ufetubus barely misses you.
The ufetubus hits you but does no damage.
The ufetubus closely misses you. The ufetubus barely misses you.
You hit the ufetubus but do no damage.
The ufetubus hits you but does no damage.
The ufetubus hits you. The ufetubus closely misses you.
The ufetubus barely misses you.
You take 4 damage, and have 28/55 hp.
You closely miss the ufetubus. You miss the quasit. You hit the quasit.
The quasit misses you.
The quasit claws you but does no damage. x2
Drink which item? (? for menu, Esc to quit)
You feel agile all of a sudden. The quasit misses you.
The quasit barely misses you. The quasit claws you.
You feel clumsy. The quasit barely misses you.
The quasit claws you but does no damage.
The quasit misses you.
You take 2 damage, and have 27/55 hp.
You miss the quasit. The quasit barely misses you.
The quasit barely misses you.
The quasit claws you but does no damage.
The quasit bites you but does no damage.
The quasit misses you. The quasit completely misses you.
You now have 2/9 mp.
Unknown command.
You hit the quasit but do no damage. Your punch misses the quasit.
The quasit disappears in a puff of smoke!
The ufetubus disappears in a puff of smoke!
You hit the river rat. The river rat bites you.
You take 6 damage, and have 21/55 hp.
You hit the river rat.
Your hound closely misses the river rat. x2
The river rat completely misses you.
You hit the river rat but do no damage.
Your hound bites the river rat.
The river rat bites you!
* * * LOW HITPOINT WARNING * * *
You take 7 damage, and have 15/55 hp.
Unknown command.
You closely miss the river rat.
Your hound closely misses the river rat.
Eustachio gestures wildly while chanting.
You closely miss the river rat. Your hound misses the river rat.
The river rat completely misses you.
Your hound closely misses the river rat.
You closely miss the river rat. The river rat misses you.
Your hound closely misses the river rat.
You hit the river rat but do no damage.
Your hound bites the river rat.
The river rat dies!
The river rat's corpse disappears in a puff of smoke!
The crimson imp shouts, "Leave, thou currish hell-hated whey-face!"
You punch the crimson imp!
Your hound bites the crimson imp.
The crimson imp dies!
You barely miss Eustachio.
Your hound closely misses Eustachio.
Eustachio barely misses you.
Your hound misses Eustachio. You barely miss Eustachio.
Your hound bites Eustachio.
Eustachio gestures wildly while chanting.
Eustachio blinks!
You barely miss the river rat. The river rat bites you.
* * * LOW HITPOINT WARNING * * *
Your hound barely misses Eustachio.
Eustachio hits your hound with a rapier.
You take 2 damage, and have 14/55 hp.
You hit the river rat but do no damage. The river rat bites you!
* * * LOW HITPOINT WARNING * * *
Your hound closely misses Eustachio.
You take 7 damage, and have 7/55 hp.
Unknown command.
You hit the river rat.
Your hound barely misses Eustachio.
Eustachio hits your hound with a rapier.
The river rat barely misses you.
You hit the river rat.
Your hound barely misses Eustachio.
Eustachio casts a spell.
The river rat bites you but does no damage.
Your hound closely misses Eustachio.
You hit the river rat but do no damage.
The river rat disappears in a puff of smoke!
The bat hits you but does no damage. The bat misses you.
Your hound bites Eustachio.
Eustachio mumbles some strange words.
You punch the quokka!
You kill the quokka!
The quokka's corpse disappears in a puff of smoke!
The bat hits you but does no damage.
Your hound misses Eustachio.
Eustachio casts a spell.
Read which item? (? for menu, Esc to quit)
As you read the scroll of teleportation, it crumbles to dust.
You feel strangely unstable. The bat closely misses you.
Your hound bites Eustachio but does no damage.
Your hound barely misses Eustachio.
The quokka barely misses you. Eustachio barely misses your hound.
The quokka bites your hound. The river rat bites your hound.
You hit the iron imp. The bat misses you. The bat hits you but does no damage.
Your hound misses Eustachio. The iron imp hits you!
You die...

.. #.##################
#.#...r..##..........
#.....@h5@..####....)
#....r5rb#.###......
#.#.....##..#.§......
######......###@..)5.%....
##...###.#####
##.......... ##.....##.#
#......... #.......#.#
#.#....... #..._.....#
#.##...... #....÷..#.# #$#
#....


You could see Eustachio, an iron imp, a river rat, a shadow imp, 2 quokkas, a
bat and a friendly hound.

Vanquished Creatures
  A yak (D:4)
  An iguana (D:4)
  3 worker ants (D:4)
  7 adders
  A giant mite (D:4)
  A giant gecko (D:2)
  4 orcs
  11 bats
  4 hobgoblins
  7 jackals
  6 kobolds
  2 ball pythons
  3 giant newts
  8 goblins
  A jackal skeleton (D:4)
  4 quokkas
  2 quokka skeletons
  9 rats
75 creatures vanquished.

Vanquished Creatures (collateral kills)
  The ghost of Baka the Skirmisher, an average NaFi (D:4)
  An orc wizard (D:4)
  An orc priest (D:4)
  A crimson imp (D:4)
  A worker ant (D:4)
  Robin (D:2)
  4 adders (D:3)
  A river rat (D:4)
  A shadow imp (D:4)
  A worm (D:2)
  3 orcs
  6 bats
  4 giant cockroaches
  6 hobgoblins
  2 jackals (D:3)
  A quokka (D:3)
  3 ball pythons
  A giant gecko (D:2)
  9 goblins
  4 kobolds
  3 rats
55 creatures vanquished.

Vanquished Creatures (others)
  5 hounds
  A quokka (D:2)
  4 bats
  4 rats (D:2)
14 creatures vanquished.

Grand Total: 144 creatures vanquished

Notes
Turn   | Place    | Note
--------------------------------------------------------------
     0 | D:1      | RobertPalmer, the Naga Summoner, began the quest for the Orb.
     0 | D:1      | Reached XP level 1. HP: 15/15 MP: 3/3
   498 | D:1      | Reached skill level 1 in Unarmed Combat
   508 | D:1      | Reached XP level 2. HP: 11/22 MP: 2/4
   872 | D:1      | Learned a level 2 spell: Call Imp
  1326 | D:1      | Reached skill level 2 in Unarmed Combat
  1589 | D:1      | Reached XP level 3. HP: 26/28 MP: 2/5
  2253 | D:2      | Reached skill level 3 in Unarmed Combat
  2582 | D:2      | Found a white marble altar of Elyvilon.
  2972 | D:2      | Reached XP level 4. HP: 24/36 MP: 1/6
  3103 | D:2      | Learned a level 3 spell: Call Canine Familiar
  3138 | D:2      | Noticed Robin
  3181 | D:2      | Killed Robin
  3480 | D:3      | Noticed Grinder
  3679 | D:3      | Found a sparkling altar of Nemelex Xobeh.
  3686 | D:3      | Reached skill level 4 in Unarmed Combat
  3789 | D:3      | Found a glowing silver altar of Zin.
  3798 | D:3      | Reached XP level 5. HP: 38/42 MP: 4/7
  5008 | D:4      | Noticed a yak
  5008 | D:4      | Noticed a yak
  5008 | D:4      | Noticed a yak
  5032 | D:3      | HP: 8/42 [kobold/short sword (5)]
  5059 | D:3      | HP: 10/42 [adder (2)]
  5065 | D:3      | HP: 8/42 [poisoned by an adder]
  5073 | D:3      | HP: 7/42 [poisoned by an adder]
  5307 | D:4      | Gained mutation: Your flesh is heat resistant. [potion of beneficial mutation]
  5325 | D:4      | Killed a yak
  5325 | D:4      | Reached skill level 6 in Unarmed Combat
  5325 | D:4      | Reached XP level 6. HP: 44/49 MP: 2/8
  5558 | D:4      | Noticed Duvessa
  5638 | D:4      | Found a stormy altar of Qazlal.
  5705 | D:4      | Noticed Baka's ghost (average NaFi)
  5806 | D:4      | Killed Baka's ghost
  5806 | D:4      | Reached skill level 7 in Unarmed Combat
  5806 | D:4      | Reached XP level 7. HP: 28/55 MP: 2/9
  6051 | D:4      | Found a snail-covered altar of Cheibriados.
  6099 | D:4      | Became a worshipper of Cheibriados the Contemplative
  6252 | D:4      | Found a sacrificial altar of Ru.
  6283 | D:4      | Noticed Eustachio
  6322 | D:4      | HP: 7/55 [river rat[Eustachio] (7)]
  6328 | D:4      | Slain by an iron imp

Action                   |  1- 3 |  4- 6 |  7- 9 || total
-------------------------+-------+-------+-------++-------
Melee: Unarmed           |   132 |   216 |    71 ||   419
       Dagger            |     8 |       |       ||     8
 Cast: Summon Small Mamm |    38 |       |       ||    38
       Call Imp          |     3 |     3 |     1 ||     7
       Call Canine Famil |       |    21 |     9 ||    30
  Use: Scroll            |     3 |     6 |     1 ||    10
       Potion            |       |     8 |     1 ||     9
 Stab: Sleeping          |     3 |     2 |     1 ||     6
       Distracted        |       |     1 |       ||     1
  Eat: Chunk             |     6 |    11 |       ||    17
       Beef jerky        |       |     1 |       ||     1
       Bread ration      |       |       |     1 ||     1

Vault maps used:
D:1:      dpeg_cavernosity, minmay_strange_pillars, serial_bayou_crossing
D:2:      overflow_temple_1_default, uniq_robin
D:3:      lemuel_round_altar, nemelex_xobeh_ov_fountains_minmay,
          columned_hall_lemuel, uniq_grinder
D:4:      lemuel_round_altar, cheibriados_altar_wand_db, first_bread,
          nicolae_qazlal_eye_of_the_storm, uniq_duvessa, uniq_eustachio

Table legend:
 A = Turns spent in this place as a percentage of turns spent in the entire game.
 B = Non-inter-level travel turns spent in this place as a percentage of non-inter-level travel turns spent in the entire game.
 C = Inter-level travel turns spent in this place as a percentage of turns spent in this place.
 D = Turns resting spent in this place as a percentage of non-inter-level travel turns spent in this place.
 E = Turns spent auto-exploring this place as a percentage of non-inter-level travel turns spent in this place.
 F = Non-inter-level travel turns spent in this place divided by the number of levels of this place that you've seen.
                   A       B       C       D       E      F
               +-------+-------+-------+-------+-------+----------------------
         Total | 100.0 | 100.0 |   0.3 |   3.8 |   5.1 | 530.5
       Dungeon | 100.0 | 100.0 |   0.3 |   3.8 |   5.1 | 530.5
               +-------+-------+-------+-------+-------+----------------------

Table legend:
 A = Kills in this place as a percentage of kills in entire the game.
 B = Kills by you in this place as a percentage of kills by you in the entire game.
 C = Kills by friends in this place as a percentage of kills by friends in the entire game.
 D = Other kills in this place as a percentage of other kills in the entire game.
 E = Experience gained in this place as a percentage of experience gained in the entire game.
 F = Experience gained in this place divided by the number of levels of this place that you have seen.
                   A       B       C       D       E      F
               +-------+-------+-------+-------+-------+----------------------
         Total | 100.0 | 100.0 | 100.0 |  -nan | 100.0 | 210.8
       Dungeon | 100.0 | 100.0 | 100.0 |  -nan | 100.0 | 210.8
               +-------+-------+-------+-------+-------+----------------------
